 Dungeon Sprint DCSS version 0.30.1-11-g7821555f0a (webtiles) character file.

Game seed: 768929755501729495

3921 Groucho the Geomancer (level 10, -2/50 HPs)
             Began as a Deep Elf Earth Elementalist on Jan 8, 2024.
             Was the Champion of Sif Muna.
             Slain by a wolf spider (11 damage)
             ... in the Dungeon (Sprint VII: "The Pits").
             The game lasted 00:11:10 (4128 turns).

Groucho the Geomancer (Deep Elf Earth Elementalist) Turns: 4128, Time: 00:11:10

Health: -2/50      AC: 10    Str:  8    XL:     10   Next: 1%
Magic:  15/28      EV: 13    Int: 25    God:    Sif Muna [******]
Gold:   0          SH:  0    Dex: 18    Spells: 20/33 levels left

rFire   . . .        h - +2 dagger
rCold   . . .        (no shield)
rNeg    . . .        l - +3 ring mail
rPois   .            (no helmet)
rElec   .            (no cloak)
rCorr   .            o - +0 pair of gloves
SInv    .            (no boots)
Will    +....        (no amulet)
Stlth   +++          e - +3 ring of dexterity
HPRegen 0.28/turn    m - +3 ring of strength
MPRegen 0.21/turn

%: no teleportation
@: lethally poisoned (-2 -> -35)
A: no striking features
a: Renounce Religion, Channel Magic, Forget Spell, Divine Exegesis


You were in the Dungeon.
You worshipped Sif Muna.
Sif Muna was exalted by your worship.
You visited 1 branch

Inventory:

Hand Weapons
 h - a +2 dagger (weapon)
 p - a +2 rapier of draining
Armour
 a - a +0 robe
 l - a +3 ring mail (worn)
 o - a +0 pair of gloves (worn)
Jewellery
 e - a +3 ring of dexterity (left hand)
 m - a +3 ring of strength (right hand)
Scrolls
 g - a scroll of blinking
 j - 5 scrolls of amnesia
 k - a scroll of summoning
Potions
 b - 5 potions of magic
 c - 7 potions of curing
 d - 4 potions of heal wounds
 f - 8 potions of berserk rage
 i - 2 potions of invisibility
 n - 2 potions of haste


   Skills:
 - Level 5.0 Short Blades
 + Level 5.0 Armour
 + Level 7.4 Dodging
 - Level 7.0 Stealth
 - Level 12.0 Spellcasting
 + Level 12.3 Conjurations
 + Level 7.3 Transmutations
 + Level 12.7 Earth Magic
 + Level 8.2 Invocations


You had 20 spell levels left.
You knew the following spells:

 Your Spells              Type           Power      Damage    Failure   Level
a - Sandblast             Erth           100%       2d20      1%          1
b - Stone Arrow           Conj/Erth      100%       3d13      1%          3
c - Petrify               Tmut/Erth      60%        N/A       1%          4
d - Lee's Rapid Deconstr  Erth           34%        3d17*     1%          5

Your spell library contained the following spells:

 Spells                   Type           Power      Damage    Failure   Level
 Passwall                 Tmut/Erth      50%        N/A       1%          2
 Searing Ray              Conj           100%       2d8       1%          2
 Iskenderun's Battlesphe  Conj           67%        2d12      1%          5
 Dazzling Flash           Conj/Hex       90%        N/A       2%          3
 Animate Armour           Summ/Erth      92%        N/A       9%          4
 Leda's Liquefaction      Hex/Erth       23%        N/A       9%          4
 Apportation              Tloc           30%        N/A       11%         1
 Fireball                 Conj/Fire      22%        3d10      26%         5
 Frozen Ramparts          Ice            30%        1d5       32%         3
 Orb of Destruction       Conj           33%        9d10      52%         7
 Alistair's Intoxication  Tmut/Pois      22%        N/A       56%         5
 Yara's Violent Unravell  Hex/Tmut       16%        3d8       56%         5
 Starburst                Conj/Fire      22%        6d8       80%         6
 Silence                  Hex/Air        7%         N/A       97%         5
 Lehudib's Crystal Spear  Conj/Erth      33%        10d9      99%         8
 Enfeeble                 Hex            7%         N/A       100%        7
 Shatter                  Erth           34%        3d27*     100%        9


Dungeon Overview and Level Annotations

Branches:
Dungeon (1/1)

Altars:
Ashenzari
Cheibriados
Dithmenos
Elyvilon
Fedhas
Gozag
Hepliaklqana
Kikubaaqudgha
Makhleb
Nemelex Xobeh
Okawaru
Qazlal
Ru
Sif Muna
Trog
Uskayaw
Vehumet
Wu Jian
Xom
Yredelemnul
Zin
The Shining One
Jiyva
Lugonu


Message History

The death yak is moderately wounded.
The death yak gores you but does no damage.
Unknown command.
Aiming: Stone Arrow (safe; 1% risk of failure)
Press: ? - help, Q - select action, (/) - cycle Shift-Dir - straight line, f/p - death yak
Aim: a death yak (moderately wounded, 92% to hit)
The stone arrow hits the death yak!
The death yak is heavily wounded.
The wolf spider's many legs skitter.
The death yak gores you!
Unknown command.
Aiming: Stone Arrow (safe; 1% risk of failure)
Press: ? - help, Q - select action, (/) - cycle Shift-Dir - straight line, f/p - death yak
Aim: a death yak (moderately wounded, 92% to hit)
The stone arrow hits the death yak!
The death yak is heavily wounded.
The death yak gores you!
* * * LOW HITPOINT WARNING * * *
Unknown command.
You feel much better.
The death yak gores you but does no damage.
Aiming: Stone Arrow (safe; 1% risk of failure)
Press: ? - help, Q - select action, (/) - cycle Shift-Dir - straight line, f/p - death yak
Aim: a death yak (heavily wounded, 92% to hit)
The stone arrow hits the death yak!!
The death yak is almost dead.
The death yak gores you!
Unknown command.
Aiming: Stone Arrow (safe; 1% risk of failure)
Press: ? - help, Q - select action, (/) - cycle Shift-Dir - straight line, f/p - death yak
Aim: a death yak (almost dead, 92% to hit)
The stone arrow hits the death yak!
The death yak is almost dead.
You feel less invigorated. The wolf spider hits you! The wolf spider bites you!
* * * LOW HITPOINT WARNING * * *
You are lethally poisoned!
The wolf spider poisons you!
The death yak gores you but does no damage.
The wolf spider hits you!
You die...

#####''######
...##''########
...##......'..+
...##......'..+
...##.....##..##
...##...###....###
...##..##........## ###
...##''#...#..#...#....#
#####..........s@Y'....+
#####''#...#..#...#...)#
.[[##..##........###l###
.[.##...###....###....#
.))##.....##.†##.....#
.))###.....'..'.....#
..)# ###...'..'...###
#### ############


You could see a death yak and a wolf spider.

Vanquished Creatures
  A sea snake (D)
  An elephant (D)
  A smoke demon (D)
  A polar bear (D)
  An ice devil (D)
  A tyrant leech (D)
  4 blink frogs (D)
  A basilisk (D)
  A fire bat (D)
  A redback (D)
  A warg (D)
  An orc warrior (D)
  A small abomination (D)
  An ice beast (D)
  A centaur (D)
  A gnoll sergeant (D)
  2 kobold brigands (D)
  A necrophage (D)
  An orc priest (D)
  A gnoll bouda (D)
  An iguana (D)
  A hell rat (D)
  2 mummies (D)
  9 gnolls (D)
  4 adders (D)
  2 river rats (D)
  An ufetubus (D)
  An adder skeleton (D)
  4 orcs (D)
  3 bats (D)
  A frilled lizard (D)
53 creatures vanquished.

Notes
Turn   | Place    | Note
-------+----------+-------------------------------------------
     0 | D        | Groucho the Deep Elf Earth Elementalist began the quest for
                  | the Orb.
     0 | D        | Reached XP level 1. HP: 10/10 MP: 6/6
    13 | D        | Reached XP level 2. HP: 9/15 MP: 2/8
   188 | D        | Found a glowing golden altar of the Shining One.
   188 | D        | Found a glowing silver altar of Zin.
   188 | D        | Found a basalt altar of Yredelemnul.
   188 | D        | Found a shimmering altar of Xom.
   188 | D        | Found an ornate altar of the Wu Jian Council.
   188 | D        | Found a bloodstained altar of Trog.
   188 | D        | Found a shimmering blue altar of Sif Muna.
   188 | D        | Found a sacrificial altar of Ru.
   188 | D        | Found a stormy altar of Qazlal.
   188 | D        | Found an iron altar of Okawaru.
   188 | D        | Found a sparkling altar of Nemelex Xobeh.
   188 | D        | Found a burning altar of Makhleb.
   188 | D        | Found a viscous altar of Jiyva.
   188 | D        | Found a hazy altar of Hepliaklqana.
   188 | D        | Found an opulent altar of Gozag.
   188 | D        | Found a blossoming altar of Fedhas.
   188 | D        | Found a white marble altar of Elyvilon.
   188 | D        | Found a shadowy altar of Dithmenos.
   188 | D        | Found a snail-covered altar of Cheibriados.
   189 | D        | Found a radiant altar of Vehumet.
   189 | D        | Found a corrupted altar of Lugonu.
   190 | D        | Found an ancient bone altar of Kikubaaqudgha.
   190 | D        | Found a hide-covered altar of Uskayaw.
   190 | D        | Found a broken altar of Ashenzari.
   193 | D        | Became a worshipper of Sif Muna the Loreminder
   209 | D        | Reached skill level 5 in Earth Magic
   209 | D        | Reached XP level 3. HP: 14/19 MP: 4/11
   511 | D        | Reached * piety under Sif Muna
   635 | D        | Reached ** piety under Sif Muna
   637 | D        | Noticed a necrophage
   639 | D        | Reached skill level 5 in Spellcasting
   640 | D        | Killed a necrophage
   641 | D        | Reached XP level 4. HP: 24/24 MP: 4/14
   721 | D        | Learned a level 3 spell: Stone Arrow
   726 | D        | Learned a level 4 spell: Petrify
   765 | D        | Noticed a fire bat
   765 | D        | Noticed an orc warrior
   772 | D        | Killed a fire bat
   773 | D        | Reached XP level 5. HP: 20/28 MP: 5/17
   818 | D        | Killed an orc warrior
   818 | D        | Reached *** piety under Sif Muna
   819 | D        | Reached XP level 6. HP: 28/32 MP: 1/19
   828 | D        | Reached **** piety under Sif Muna
   844 | D        | Reached skill level 10 in Earth Magic
  1102 | D        | Reached skill level 10 in Conjurations
  1102 | D        | Reached XP level 7. HP: 36/36 MP: 11/21
  1374 | D        | Reached ***** piety under Sif Muna
  1375 | D        | Reached skill level 1 in Short Blades
  1725 | D        | Received a gift from Sif Muna
  1726 | D        | Got Sif Muna's Directory of Trauma and the Oath {god gift}
  2127 | D        | Reached skill level 5 in Invocations
  2262 | D        | Noticed an elephant
  2262 | D        | Noticed a smoke demon
  2279 | D        | Killed an elephant
  2280 | D        | Reached skill level 1 in Armour
  2280 | D        | Reached skill level 5 in Stealth
  2280 | D        | Reached skill level 10 in Spellcasting
  2280 | D        | Reached XP level 8. HP: 25/41 MP: 8/24
  2282 | D        | Killed a smoke demon
  2282 | D        | Received a gift from Sif Muna
  2283 | D        | Got Sif Muna's Vellum of the Traveller and the Discharge
                  | {god gift}
  2851 | D        | Noticed a polar bear
  2856 | D        | Noticed a blink frog
  2954 | D        | Noticed a tyrant leech
  2957 | D        | Noticed a blink frog
  2961 | D        | Killed a blink frog
  2962 | D        | Reached skill level 5 in Transmutations
  2966 | D        | Killed a tyrant leech
  2967 | D        | Reached skill level 5 in Dodging
  2969 | D        | Killed a blink frog
  2970 | D        | Reached XP level 9. HP: 33/45 MP: 3/26
  3011 | D        | Killed a polar bear
  3012 | D        | Reached skill level 5 in Short Blades
  3239 | D        | Received a gift from Sif Muna
  3240 | D        | Got Sif Muna's Vellum of Congealing Wounds {god gift}
  3695 | D        | Noticed a sea snake
  3709 | D        | Killed a sea snake
  3860 | D        | Noticed an ice devil
  3889 | D        | Killed an ice devil
  4083 | D        | Received a gift from Sif Muna
  4084 | D        | Got Sif Muna's Tome of Inconstant Erosion {god gift}
  4092 | D        | Learned a level 5 spell: Lee's Rapid Deconstruction
  4094 | D        | Reached ****** piety under Sif Muna
  4118 | D        | Noticed a death yak
  4120 | D        | Noticed a wolf spider
  4122 | D        | Reached skill level 5 in Armour
  4122 | D        | Reached XP level 10. HP: 29/50 MP: 6/28
  4128 | D        | Slain by a wolf spider

Illustrated notes

Levels and vault maps discovered:
D:        pitsprint [storerooms_1, entrance_room_1, metal_vault_4, armoury_1,
          mini_pit_1, grid_room_1, main_hall_1, silver_pit, the_coven_2,
          the_vestibule_1, steel_vault_3, golden_pit, hallway_of_sentries,
          crystal_vault_1, iron_vault_4, final_vault]

Skill      XL: |  1  2  3  4  5  6  7  8  9 |
---------------+----------------------------+-----
Conjurations   | 2 3 6 8 9 10 11 12 | 12.3
Earth Magic    | 4 5 7 9 10 11 12 | 12.7
Spellcasting   | 4 6 7 8 9 10 11 12 | 12.0
Invocations    | 2 3 5 6 8 |  8.2
Short Blades   | 3 4 5 |  5.0
Stealth        | 5 6 7 |  7.0
Transmutations | 3 5 7 |  7.3
Armour         | 1 3 5 |  5.0
Dodging        | 3 5 7 |  7.4

Action                     |  1- 3 |  4- 6 |  7- 9 | 10-12 || total
---------------------------+-------+-------+-------+-------++-------
  Melee: Dagger            |     2 |       |    31 |       ||    33
         Punch             |       |       |     2 |       ||     2
   Cast: Sandblast         |    17 |       |       |       ||    17
         Stone Arrow       |       |    20 |    36 |     5 ||    61
         Petrify           |       |       |    16 |       ||    16
         Lee's Rapid Decon |       |       |     2 |       ||     2
 Invoke: Channel Magic     |       |     2 |       |     1 ||     3
    Use: Potion            |       |     1 |     4 |     1 ||     6
   Stab: Sleeping          |     2 |       |       |       ||     2
         Petrified         |       |       |    29 |       ||    29
 Armour: Robe              |     3 |     2 |       |       ||     5
         Ring mail         |       |       |     9 |     3 ||    12
  Dodge: Dodged            |     5 |     8 |    13 |       ||    26
